 Dungeon Crawl Stone Soup version 0.23.0-3-gf3c87f2 (webtiles) character file.

Game seed: 15643465978467576092

8687 ohad the Martial Artist (level 11, -4/86 HPs)
             Began as an Octopode Transmuter on Feb 21, 2019.
             Was an Initiate of Gozag.
             Slain by a six-headed hydra (12 damage)
             ... on level 1 of the Lair of Beasts.
             The game lasted 00:35:00 (13339 turns).

ohad the Martial Artist (Octopode Transmuter)      Turns: 13339, Time: 00:35:01

Health: -4/86      AC:  8    Str: 10    XL:     11   Next: 34%
Magic:  8/14       EV: 13    Int: 18    God:    Gozag
Gold:   605        SH:  0    Dex: 13    Spells: 5/14 levels left

rFire    x . .     SeeInvis +     - Unarmed
rCold    + + +     Gourm    .   (shield currently unavailable)
rNeg     + . .     Faith    .   (helmet currently unavailable)
rPois    +         Spirit   .   (no amulet)
rElec    .         Reflect  .   g - ring of wizardry
rCorr    .         Harm     .   r - ring of poison resistance
MR       .....                  C - ring of positive energy
Stlth    +++.......             z - ring of see invisible
HPRegen  0.24/turn              E - +2 ring of protection
MPRegen  0.14/turn              (no ring)
                                (no ring)
                                (no ring)

@: ice-form
A: large, almost no armour, stealthy swim, amphibious, 8 rings, (constrict 8)
a: End Transformation, Potion Petition, Call Merchant, Bribe Branch, Renounce
Religion


You were on level 1 of the Lair of Beasts.
You worshipped Gozag.
Gozag was pleased with you.
You were not hungry.
You were a creature of crystalline ice.
You visited 3 branches of the dungeon, and saw 15 of its levels.

You collected 1746 gold pieces.
You spent 252 gold pieces at shops.
You paid 889 gold pieces to Gozag.

Inventory:

Hand Weapons
 k - a +2 hand axe of flaming
 t - a +0 whip of distortion
Missiles
 a - 162 arrows
 f - 6 javelins (quivered)
 n - 27 poisoned needles
 u - 3 tomahawks
 A - 6 exploding tomahawks
Armour
 l - a +0 large shield
 m - a +0 shield
 q - a +0 shield
Jewellery
 g - a ring of wizardry (left front paw)
 r - a ring of poison resistance (right front paw)
 z - a ring of see invisible (on tentacle)
 B - an uncursed amulet of harm {unknown}
 C - a ring of positive energy (on tentacle)
 E - a +2 ring of protection (on tentacle)
Wands
 b - a wand of random effects (15)
 y - a wand of paralysis (8)
Scrolls
 d - 4 scrolls of teleportation
 e - a scroll of remove curse
 j - 2 scrolls of identify
 p - 4 scrolls of amnesia
Potions
 h - 2 potions of flight
 i - 3 potions of brilliance
 o - 2 potions of might
 s - a potion of haste
 v - 2 potions of lignification
 w - a potion of curing
 x - a potion of degeneration
 D - a potion of invisibility {unknown}
Comestibles
 c - 13 rations


   Skills:
 + Level 5.8 Fighting
 - Level 7.2 Dodging
 - Level 4.9 Stealth
 - Level 12.7 Unarmed Combat
 - Level 2.0 Spellcasting
 - Level 6.5 Transmutations
 - Level 2.3 Ice Magic


You had 5 spell levels left.
You knew the following spells:

 Your Spells              Type           Power        Failure   Level  Hunger
b - Sticks to Snakes      Tmut           ####....     1%          2    ###....
c - Spider Form           Tmut/Pois      ##........   6%          3    ###....
d - Ice Form              Ice/Tmut       ###.....     12%         4    #####..

Your spell library contained the following spells:

 Spells                   Type           Power        Failure   Level  Hunger
 Beastly Appendage        Tmut           ####..       1%          1    #......
 Confusing Touch          Hex            #.....       8%          1    #......
 Blade Hands              Tmut           ####......   14%         5    ######.
 Petrify                  Tmut/Erth      ##......     19%         4    #####..
 Confuse                  Hex            #.......     21%         3    ###....
 Gell's Gravitas          Tloc           #.........   21%         3    ###....
 Yara's Violent Unravell  Hex/Tmut       ##........   45%         5    ######.
 Metabolic Englaciation   Hex/Ice        #.........   73%         5    ######.


Dungeon Overview and Level Annotations

Branches:
Dungeon (13/15)            Temple (1/1) D:5            Lair (1/6) D:9
    Orc (0/2) D:12
 Vaults: D:13-14

Altars:
Ashenzari
Cheibriados
Dithmenos
Elyvilon
Fedhas
Gozag
Hepliaklqana
Kikubaaqudgha
Makhleb
Nemelex Xobeh
Okawaru
Qazlal
Ru
Sif Muna
Trog
Uskayaw
Vehumet
Wu Jian
Xom
Yredelemnul
Zin
The Shining One

Shops:
D:5 [   D:8 %   D:9 *

Annotations:
D:13 Frances


Innate Abilities, Weirdness & Mutations

You cannot wear most types of armour.
You are very stealthy in the water. (Stealth+)
You are amphibious.
You can wear up to eight rings at the same time.
((You can use your tentacles to constrict eight enemies at once.))
((Your skin changes colour to match your surroundings (Stealth+).))
((Your rubbery body absorbs attacks. (AC +1, EV +1)))


Message History

The six-headed hydra is severely wounded.
The six-headed hydra barely misses you. x2; The six-headed hydra bites you.
The six-headed hydra bites you! x2
* * * LOW HITPOINT WARNING * * *
The six-headed hydra misses you.
Your adder bites the plant but does no damage.
Your ball python bites the plant but does no damage.
Your ball python constricts the plant.
You punch the six-headed hydra! You freeze the six-headed hydra.
The six-headed hydra is severely wounded.
Your adder bites the plant but does no damage.
Your ball python bites the plant but does no damage.
Your ball python constricts the plant.
The six-headed hydra bites you but does no damage. x2
The six-headed hydra bites you!
* * * LOW HITPOINT WARNING * * *
The six-headed hydra bites you but does no damage.
The six-headed hydra bites you!
You die...
Your body crumbles into a pile of gold.

# ## #.# .. #.## ###
.# ###..####.# .#
#.........# .##
#.........# #####.P#
#.........###.SSYD#
...............SP.#
..................#
.............##...#
............###..)#
#...........# #.#.#
............P##....#
#.#.#.#.....###......
#............# ##.###


You could see a six-headed hydra, 2 friendly adders and a friendly ball python.

Vanquished Creatures
  An ugly thing (D:12)
  An elephant (D:9)
  Psyche (D:9)
  3 trolls
  A hornet (D:10)
  2 hippogriffs
  Sigmund (D:2)
  A wyvern (D:11)
  A human (D:7)
  3 hogs (D:7)
  7 yaks
  A soldier ant (D:10)
  7 orc warriors
  3 ice beasts
  3 black bears
  2 phantoms (D:5)
  An ogre (D:8)
  2 centaurs
  4 crocodiles
  A big kobold (D:9)
  3 bullfrogs
  A scorpion (D:10)
  10 killer bees
  A wight (D:13)
  A howler monkey (D:8)
  A bullfrog zombie (D:9)
  5 crimson imps
  A quasit (D:10)
  9 orc priests
  3 hounds
  2 jellies
  16 orc wizards
  3 iguanas
  5 worker ants
  A worker ant zombie (D:5)
  7 gnolls
  7 adders
  2 shadow imps
  2 oozes
  3 adder zombies
  A worm (D:2)
  3 dart slugs
  6 leopard geckos
  48 orcs
  A ball python (D:1)
  6 giant cockroaches
  7 goblins
  3 hobgoblins
  12 jackals
  13 kobolds
  3 quokkas
  8 bats
  7 frilled lizards
  A jackal skeleton (D:9)
  A leopard gecko skeleton (D:4)
  A quokka skeleton (D:7)
  8 rats
258 creatures vanquished.

Vanquished Creatures (collateral kills)
  A vampire mosquito (D:13)
  An ogre (D:4)
  A centaur (D:13)
  A scorpion (D:3)
4 creatures vanquished.

Grand Total: 262 creatures vanquished

Notes
Turn   | Place    | Note
-------+----------+-------------------------------------------
     0 | D:1      | ohad the Octopode Transmuter began the quest for the Orb.
     0 | D:1      | Reached XP level 1. HP: 13/13 MP: 3/3
   127 | D:1      | Reached XP level 2. HP: 18/18 MP: 5/5
   134 | D:1      | Learned a level 2 spell: Sticks to Snakes
   851 | D:1      | Reached XP level 3. HP: 14/23 MP: 3/6
  1005 | D:1      | Learned a level 3 spell: Spider Form
  1743 | D:2      | Reached XP level 4. HP: 16/28 MP: 4/7
  2225 | D:2      | Noticed Sigmund
  2236 | D:2      | Killed Sigmund
  2236 | D:2      | Reached XP level 5. HP: 22/33 MP: 5/8
  2236 | D:2      | Reached XP level 6. HP: 25/38 MP: 5/9
  3070 | D:3      | Reached skill level 4 in Unarmed Combat
  3332 | D:3      | Found a shimmering altar of Xom.
  3712 | D:3      | Reached XP level 7. HP: 42/43 MP: 6/10
  3856 | D:4      | Reached skill level 5 in Unarmed Combat
  3869 | D:4      | Learned a level 4 spell: Ice Form
  3924 | D:4      | Reached skill level 1 in Ice Magic
  4355 | D:5      | Entered Level 5 of the Dungeon
  4906 | D:5      | Reached XP level 8. HP: 54/54 MP: 4/11
  5017 | D:5      | Found Jemeegiq's Armour Boutique.
  5779 | D:5      | Found a staircase to the Ecumenical Temple.
  5844 | Temple   | Entered the Ecumenical Temple
  6010 | Temple   | Became a worshipper of Gozag Ym Sagoz the Greedy
  7194 | D:7      | Reached skill level 6 in Unarmed Combat
  7509 | D:7      | Noticed a hippogriff
  7522 | D:7      | Reached skill level 7 in Unarmed Combat
  7522 | D:7      | Reached XP level 9. HP: 45/58 MP: 8/12
  7752 | D:6      | Reached skill level 8 in Unarmed Combat
  8458 | D:7      | Reached skill level 9 in Unarmed Combat
  8804 | D:7      | Reached skill level 10 in Unarmed Combat
  9150 | D:8      | Found Saulaoti's Food Shop.
  9610 | D:9      | Reached XP level 10. HP: 43/64 MP: 9/13
  9913 | D:9      | Reached skill level 11 in Unarmed Combat
 10371 | D:9      | Found a staircase to the Lair.
 10379 | D:9      | Noticed an elephant
 10387 | D:9      | Reached skill level 12 in Unarmed Combat
 10402 | D:9      | Killed an elephant
 10439 | D:9      | Noticed Psyche
 10451 | D:9      | Killed Psyche
 10478 | D:9      | Found Saug's General Store.
 10491 | D:9      | Bought a scroll of fear for 38 gold pieces
 10491 | D:9      | Bought a scroll of summoning for 104 gold pieces
 10491 | D:9      | Bought a +2 ring of protection for 110 gold pieces
 10713 | D:9      | Found a hazy altar of Hepliaklqana.
 10718 | D:9      | Found an ornate altar of the Wu Jian Council.
 10775 | D:9      | Reached skill level 5 in Dodging
 10836 | D:9      | Found a shattered altar of Ashenzari.
 11039 | D:10     | Entered Level 10 of the Dungeon
 11155 | D:10     | Reached skill level 5 in Fighting
 11584 | D:10     | Paralysed by a hornet for 3 turns
 11590 | D:10     | Reached XP level 11. HP: 30/71 MP: 8/14
 11974 | D:10     | You fall through a shaft for 3 floors!
 12166 | D:13     | Noticed a two-headed ogre
 12168 | D:13     | Noticed an ogre mage
 12169 | D:13     | Noticed a two-headed ogre
 12172 | D:13     | Noticed a two-headed ogre
 12174 | D:13     | Noticed a two-headed ogre
 12176 | D:13     | Noticed an unseen horror
 12176 | D:13     | Noticed a two-headed ogre
 12184 | D:13     | Noticed a two-headed ogre
 12187 | D:13     | Noticed Frances
 12197 | D:12     | Noticed a white ugly thing
 12502 | D:12     | Reached skill level 1 in Stealth
 12672 | D:12     | Found a staircase to the Orcish Mines.
 12872 | D:12     | Killed a white ugly thing
 13279 | Lair:1   | Entered Level 1 of the Lair of Beasts
 13323 | Lair:1   | Noticed a six-headed hydra
 13339 | Lair:1   | Slain by a six-headed hydra

Skill      XL: |  1  2  3  4  5  6  7  8  9 10 11 |
---------------+----------------------------------+-----
Transmutations | 3 4 6 |  6.5
Unarmed Combat | 4 5 7 10 12 | 12.7
Ice Magic      | 2 |  2.3
Fighting       | 3 4 5 |  5.8
Dodging        | 4 6 7 |  7.2
Stealth        | 4 |  4.9
Spellcasting   | |  2.0

Action                   |  1- 3 |  4- 6 |  7- 9 | 10-12 || total
-------------------------+-------+-------+-------+-------++-------
Melee: Unarmed           |    94 |    95 |   316 |   235 ||   740
       Tentacles         |    11 |     3 |     2 |     6 ||    22
       Constrict         |    20 |     5 |     4 |     9 ||    38
       Kick              |    14 |     3 |       |       ||    17
       Punch             |       |       |       |     1 ||     1
 Cast: Beastly Appendage |    15 |     3 |     1 |       ||    19
       Sticks to Snakes  |     1 |     1 |     8 |     4 ||    14
       Spider Form       |     3 |    15 |     8 |       ||    26
       Ice Form          |       |       |    34 |    24 ||    58
Invok: Potion Petition   |       |       |     1 |     1 ||     2
  Use: Scroll            |       |       |    16 |     7 ||    23
       Potion            |       |       |     5 |     4 ||     9
 Stab: Sleeping          |     5 |       |     2 |     2 ||     9
       Distracted        |       |       |       |     2 ||     2
  Eat: Chunk             |     3 |     9 |    10 |       ||    22
       Ration            |       |       |     6 |     5 ||    11
Armor: Skin              |     7 |    15 |    57 |    48 ||   127
Dodge: Dodged            |    51 |    96 |   171 |   135 ||   453
